 Dungeon Crawl Stone Soup version 0.14-a0-364-gd3b3d37 (webtiles) character file.

50274 qwako the Bludgeoner (level 14, -8/84 HPs)
             Began as a Gargoyle Fighter on Oct 24, 2013.
             Was the Champion of Makhleb.
             Mangled by a dire elephant (15 damage)
             ... on Level 8 of the Lair of Beasts on Oct 25, 2013.
             The game lasted 01:32:36 (18075 turns).

qwako the Bludgeoner (Gargoyle Fighter)            Turns: 18075, Time: 01:32:36

HP  -8/84        AC 37     Str 22      XL: 14   Next: 46%
MP  28/28        EV  5     Int 11      God: Makhleb [******]
Gold 1736        SH 24     Dex 10      Spells:  0 memorised, 13 levels left

Res.Fire  : + . .   See Invis. : .   k - +5 flail (crush)
Res.Cold  : + . .   Warding    : .   q - +2 orc plate armour {rF+}
Life Prot.: + . .   Conserve   : .   X - +0 shield
Res.Poison: +       Res.Corr.  : +   i - +2 helmet
Res.Elec. : .       Clarity    : .   (no cloak)
Sust.Abil.: . .     Spirit.Shd : .   (no gloves)
Res.Mut.  : .       Stasis     : .   (no boots)
Res.Rott. : +       Flight     : +   t - amulet of resist corrosion
Saprovore : . . .                    a - ring of protection from cold
                                     B - +5 ring of protection

@: flying, somewhat resistant to hostile enchantments, extremely unstealthy
A: large and strong wings, fangs 1, talons 2, life protection 1, slow metabolism
1, spit poison 2, unbreathing, petrification resistance, AC +11
a: Spit Poison, Stop Flying, Minor Destruction, Lesser Servant of Makhleb, Major
Destruction, Greater Servant of Makhleb, Renounce Religion


You were on level 8 of the Lair of Beasts.
You worshipped Makhleb.
Makhleb was exalted by your worship.
You were very hungry.

You visited 2 branches of the dungeon, and saw 21 of its levels.
You also visited: Labyrinth, Ice Cave and Volcano.

You collected 1804 gold pieces.
You spent 88 gold pieces at shops.

Inventory:

Hand weapons
 k - a +5,+5 flail of crushing (weapon)
Missiles
 v - 10 tomahawks (quivered)
Armour
 i - a +2 helmet (worn)
 q - a +2 orcish plate armour of fire resistance (worn)
 H - a +4 ring mail of cold resistance
 X - a +0 shield (worn)
Magical devices
 h - a wand of draining (7)
 m - a wand of confusion (10)
 o - a wand of polymorph (16)
 p - a wand of invisibility (0)
 w - a wand of fire (6)
 y - a wand of lightning (10)
 z - a wand of cold (8)
 K - a wand of teleportation (3)
 R - a wand of fire (1)
 S - a wand of draining (4)
Comestibles
 l - 3 meat rations
 r - 4 bread rations
 E - 7 cheeses
Scrolls
 g - a scroll of enchant armour {unknown}
 j - a scroll of amnesia
 s - a scroll of recharging
 C - 2 scrolls of identify
 G - 3 scrolls of teleportation
 N - 2 scrolls of silence
 O - a scroll of enchant weapon I
 P - 16 scrolls of remove curse
 V - 5 scrolls of blinking
Jewellery
 a - a ring of protection from cold (right hand)
 c - an uncursed amulet of rage
 t - an amulet of resist corrosion (around neck)
 u - an uncursed amulet of clarity
 B - a +5 ring of protection (left hand)
 F - an uncursed ring of protection from magic
 I - an uncursed ring of regeneration
 J - an uncursed ring of see invisible
 Q - a cursed ring of hunger {unknown}
 W - an uncursed ring of protection from magic
Potions
 b - a potion of magic
 d - a potion of speed
 e - 10 potions of curing
 f - a potion of cure mutation
 A - 2 potions of agility
 L - 2 potions of might
 M - a potion of invisibility
 T - 2 potions of brilliance
 Z - a potion of restore abilities
Books
 n - a book of Dreams

   Spells                             Type                      Level
   Ensorcelled Hibernation            Hexes/Ice                    2
   Flight                             Charms/Air                   3
   Phase Shift                        Translocation                5
   Shadow Creatures                   Summoning                    5
   Mass Confusion                     Hexes                        6
   Darkness                           Hexes                        7
 x - a book of Annihilations {highlevel}

   This book is beyond your current level of understanding.

   Spells                             Type                      Level
   Poison Arrow                       Conjuration/Poison           6
   Orb of Destruction                 Conjuration                  7
   Chain Lightning                    Conjuration/Air              8
   Lehudib's Crystal Spear            Conjuration/Earth            8
   Ice Storm                          Conjuration/Ice              9
   Fire Storm                         Conjuration/Fire             9
 Y - a book of Fire

   Spells                             Type                      Level
   Fire Brand                         Charms/Fire                  2
   Ignite Poison                      Fire/Transmutation           5
   Fireball                           Conjuration/Fire             5
   Bolt of Fire                       Conjuration/Fire             6
   Delayed Fireball                   Conjuration/Fire             7
   Ring of Flames                     Charms/Fire                  7
Miscellaneous
 D - a fan of gales


   Skills:
 - Level 9.5 Fighting
 - Level 16.6 Maces & Flails
 - Level 11.5 Armour
 - Level 2.5 Dodging
 * Level 10.6 Shields
 - Level 11.2 Invocations


You had 13 spell levels left.
You didn't know any spells.

Dungeon Overview and Level Annotations

Branches:
Dungeon (13/27)            Temple (0/1) D:4             Orc (0/4) D:10
   Lair (8/8) D:12          Swamp (0/5) Lair:4       Spider (0/5) Lair:4
  Slime: Lair:6-8

Altars:
Ashenzari
Elyvilon
Fedhas
Makhleb
Trog
Zin

Shops:
D:9 *

Annotations:
D:4 Sigmund
D:11 nubinia's ghost, powerful DjFE


Innate Abilities, Weirdness & Mutations

You are resistant to torment.
You are immune to poison.
You can fly continuously.
Your stone body is very resilient (AC +9).
Your wings are large and strong.
You have very sharp teeth.
You have razor-sharp toenails.
You resist negative energy.
You have a slow metabolism.
You can survive without breathing.
You are immune to petrification.
You are partially covered in thin metallic scales (AC +2).
You can spit moderately strong poison.


Message History

You kill the blink frog!
Makhleb accepts your kill.
You feel a little better.
You sock the dire elephant!
The dire elephant is moderately wounded.
You hit the dire elephant.
The dire elephant is moderately wounded.
The dire elephant tramples you!
You hold your ground!
The dire elephant trunk-slaps you.
You sock the dire elephant! You claw the dire elephant.
The dire elephant is heavily wounded.
The dire elephant tramples you!
* * * LOW HITPOINT WARNING * * *
You hold your ground!
The dire elephant trunk-slaps you but does no damage.
Use which ability? (? or * to list)
A demon appears!
You are feeling very hungry.
The dire elephant tramples you!
You die...

..♣♣♣♣ . ♣♣♣♣ ..♣♣♣♣♣...
♣♣♣♣♣♣♣♣..♣♣♣...
♣♣♣♣...♣♣♣♣.♣..♣♣
♣♣.......♣%..♣♣
..♣♣♣♣♣♣%...♣♣ ♣♣♣♣.1♣♣♣
♣♣♣♣Y♣♣♣ ♣♣♣♣@♣♣ ♣♣♣♣♣♣
♣♣♣♣♣.♣♣♣♣♣♣♣♣♣♣♣♣♣♣♣♣♣
♣♣♣♣♣..♣♣♣♣♣♣♣♣♣♣..♣♣♣♣♣
♣♣♣.......♣♣..♣♣.....♣..
.♣.......................
............P............
.....f.................P.
.....ff...................
.....f..#....<...........#


You could see a dire elephant and a friendly Executioner.

Vanquished Creatures
  A dire elephant (Lair:8)
  A minotaur (Lab)
  An ice dragon (IceCv)
  Fannar (Lair:2)
  Harold (Lair:2)
  8 hydras
  4 death yaks (Lair:7)
  The ghost of casual the Ruffian, an experienced TrTm of Okawaru (D:11)
  A centaur warrior (D:12)
  4 hill giants
  2 ice statues (IceCv)
  Erolcha (D:12)
  Pikel (D:9)
  3 griffons
  A cyclops (D:12)
  4 black mambas
  6 elephants
  Maurice (D:8)
  Psyche (D:8)
  9 spiny frogs
  A jumping spider (shapeshifter) (D:13)
  A troll (D:12)
  A fire drake (Volcano)
  6 komodo dragons
  Prince Ribbit (D:5)
  2 two-headed ogres
  5 blink frogs
  A grizzly bear (Lair:8)
  2 basilisks
  A wyvern (D:12)
  31 yaks
  A deep elf fighter (D:8)
  An elephant slug (Lair:4)
  6 wolves (Lair:4)
  2 hogs (Volcano)
  6 hippogriffs
  Edmund (D:6)
  A manticore (D:12)
  A soldier ant (D:10)
  4 porcupines
  A mottled dragon (D:12)
  4 orc warriors
  24 ice beasts
  The ghost of Gunthar the Magician, an average DEWz (D:4)
  A human (D:7)
  2 phantoms (D:6)
  5 black bears
  8 centaurs
  3 sky beasts
  A yellow wasp (D:10)
  3 boring beetles (D:12)
  4 ogres
  13 crocodiles
  4 giant slugs
  A big kobold (D:10)
  Blork the orc (D:8)
  8 water moccasins
  5 agate snails
  11 giant frogs
  A yak zombie (D:10)
  4 jellyfish (Lair:7)
  8 killer bees
  6 crimson imps
  2 goliath beetles
  4 electric eels (Lair:7)
  2 orc priests
  7 wights
  9 hounds
  5 jellies
  A big fish (Lair:7)
  A basilisk skeleton (D:11)
  2 giant frog skeletons
  3 iguanas
  3 scorpions
  8 orc wizards
  11 sheep
  7 worker ants
  A killer bee zombie (D:5)
  2 mottled dragon zombies
  Ijyb (D:5)
  20 adders
  13 gnolls
  45 green rats
  4 giant centipedes
  3 giant mites
  12 white imps (Lair:2)
  A goliath beetle zombie (D:8)
  13 worms
  An adder zombie (D:8)
  2 giant eyeballs
  6 giant geckos
  2 oozes
  20 orcs
  21 hobgoblins
  9 quokkas
  24 bats
  6 giant cockroaches
  A giant newt (D:2)
  A giant spore (D:10)
  10 goblins
  2 hobgoblin skeletons
  26 jackals
  19 kobolds
  A quokka zombie (D:5)
  19 rats
  A rat skeleton (D:8)
  2 rat zombies (D:6)
  A butterfly (D:4)
  A fungus (Lair:7)
601 creatures vanquished.

Vanquished Creatures (collateral kills)
  An ice dragon (IceCv)
  Erica (Lair:2)
  5 blink frogs (Lair:2)
7 creatures vanquished.

Vanquished Creatures (others)
  A green death (IceCv)
  2 giant frogs (D:9)
  A hound (D:9)
  A crimson imp (D:9)
  A worker ant (D:9)
  An adder (D:11)
  A gnoll (D:9)
  A hobgoblin (D:9)
  A rat (D:9)
  3 fungi
  A plant (Lair:7)
14 creatures vanquished.

Grand Total: 622 creatures vanquished

Notes
Turn   | Place    | Note
--------------------------------------------------------------
     0 | D:1      | qwako, the Gargoyle Fighter, began the quest for the Orb.
     0 | D:1      | Reached XP level 1. HP: 14/14 MP: 0/0
   146 | D:1      | Reached XP level 2. HP: 16/19 MP: 1/1
   519 | D:1      | Reached XP level 3. HP: 17/24 MP: 2/2
   572 | D:2      | Reached skill level 4 in Maces & Flails
   721 | D:2      | Reached XP level 4. HP: 9/28 MP: 3/3
   761 | D:2      | Reached skill level 5 in Maces & Flails
   858 | D:2      | Reached XP level 5. HP: 33/33 MP: 4/4
  1316 | D:3      | Reached skill level 6 in Maces & Flails
  1348 | D:3      | Found a burning altar of Makhleb.
  1357 | D:3      | Became a worshipper of Makhleb the Destroyer
  1501 | D:3      | Found a glowing silver altar of Zin.
  1942 | D:4      | Noticed Gunthar's ghost (average DEWz)
  1943 | D:4      | Noticed an ogre
  1954 | D:3      | Acquired Makhleb's first power
  1975 | D:4      | Noticed Sigmund
  2129 | D:4      | Reached XP level 6. HP: 38/38 MP: 5/5
  2192 | D:4      | Found a staircase to the Ecumenical Temple.
  2219 | D:4      | Reached skill level 7 in Maces & Flails
  2335 | D:4      | Killed an ogre
  2434 | D:4      | Killed Gunthar's ghost
  2434 | D:4      | Reached skill level 8 in Maces & Flails
  2434 | D:4      | Reached XP level 7. HP: 42/42 MP: 6/6
  2706 | D:5      | Entered Level 5 of the Dungeon
  2710 | D:5      | Noticed Ijyb
  2720 | D:5      | Killed Ijyb
  3003 | D:4      | Reached skill level 9 in Maces & Flails
  3133 | D:5      | Acquired Makhleb's second power
  3201 | D:5      | Reached skill level 10 in Maces & Flails
  3201 | D:5      | Reached XP level 8. HP: 37/48 MP: 7/7
  3314 | D:5      | Noticed Prince Ribbit
  3341 | D:5      | Killed Prince Ribbit
  3644 | D:6      | Reached skill level 11 in Maces & Flails
  3921 | D:6      | Acquired Makhleb's third power
  3965 | D:6      | Found a bloodstained altar of Trog.
  4157 | D:6      | Reached skill level 12 in Maces & Flails
  4157 | D:6      | Reached XP level 9. HP: 52/52 MP: 8/8
  4222 | D:6      | Found a white marble altar of Elyvilon.
  4257 | D:6      | Noticed Edmund
  4302 | D:6      | Killed Edmund
  4542 | D:7      | Paralysed by a giant eyeball for 2 turns
  4546 | D:7      | Paralysed by a giant eyeball for 2 turns
  4770 | D:7      | Reached skill level 13 in Maces & Flails
  4814 | D:7      | Acquired Makhleb's fourth power
  5224 | D:8      | Found a blossoming altar of Fedhas.
  5243 | D:8      | Noticed a komodo dragon
  5251 | D:8      | Killed a komodo dragon
  5251 | D:8      | Reached skill level 14 in Maces & Flails
  5336 | D:8      | Reached XP level 10. HP: 57/57 MP: 9/9
  5529 | D:8      | Noticed Maurice
  5571 | D:8      | Reached skill level 5 in Fighting
  5632 | D:8      | Noticed Blork the orc
  5642 | D:8      | Killed Blork the orc
  5776 | D:8      | Acquired Makhleb's fifth power
  5881 | D:8      | Noticed Psyche
  5892 | D:8      | Killed Psyche
  5922 | D:8      | Killed Maurice
  6018 | D:9      | Found Shruggaucs' General Store.
  6020 | D:9      | Noticed Pikel
  6042 | D:9      | Killed Pikel
  6112 | D:9      | Bought a scroll of blinking for 88 gold pieces
  6160 | D:9      | Found a shattered altar of Ashenzari.
  6628 | D:10     | Entered Level 10 of the Dungeon
  6733 | D:10     | Noticed a hill giant
  6745 | D:10     | Killed a hill giant
  6750 | D:10     | Reached XP level 11. HP: 64/68 MP: 9/14
  7179 | D:10     | Reached skill level 5 in Armour
  7295 | D:10     | Found a staircase to the Orcish Mines.
  7503 | D:10     | Gained mutation: You are partially covered in thin metallic scales (AC +2). [potion of mutation]
  7503 | D:10     | Gained mutation: You can spit poison. [potion of mutation]
  7503 | D:10     | Gained mutation: You can spit moderately strong poison. [potion of mutation]
  7608 | D:11     | Found a labyrinth entrance.
  7612 | Lab      | Entered a labyrinth
  8027 | Lab      | Noticed a minotaur
  8036 | Lab      | Killed a minotaur
  8041 | Lab      | Identified Lehudib's Handbook of Burning Attacks
  8116 | D:11     | Noticed a hill giant
  8128 | D:11     | Killed a hill giant
  8364 | D:11     | Reached skill level 5 in Invocations
  8378 | D:11     | Noticed nubinia's ghost (powerful DjFE)
  8431 | D:12     | Noticed a hill giant
  8441 | D:11     | Killed a hill giant
  8564 | D:12     | Paralysed by a giant eyeball for 4 turns
  8714 | D:12     | Noticed a seven-headed hydra
  8734 | D:12     | Killed a seven-headed hydra
  9072 | D:12     | Noticed a centaur warrior
  9080 | D:12     | Killed a centaur warrior
  9103 | D:12     | Found a staircase to the Lair.
  9150 | D:12     | Noticed a hill giant
  9160 | D:12     | Killed a hill giant
  9194 | D:12     | Reached XP level 12. HP: 74/74 MP: 24/24
  9275 | D:12     | Noticed Erolcha
  9289 | D:12     | Killed Erolcha
  9289 | D:12     | Reached skill level 10 in Invocations
  9821 | D:11     | Noticed casual's ghost (experienced TrTm)
  9837 | D:11     | Killed casual's ghost
 10105 | Lair:1   | Entered Level 1 of the Lair of Beasts
 10858 | Lair:1   | Found a dark tunnel.
 10863 | Volcano  | Entered a volcano
 11688 | Lair:2   | Found a frozen archway.
 11743 | IceCv    | Entered an ice cave
 11835 | IceCv    | Reached skill level 1 in Dodging
 11980 | IceCv    | Noticed an ice dragon
 11987 | IceCv    | Noticed an ice dragon
 11993 | IceCv    | Killed an ice dragon
 11999 | IceCv    | Killed an ice dragon
 12800 | Lair:2   | Reached skill level 10 in Armour
 12823 | Lair:2   | Noticed Fannar
 12978 | Lair:2   | Killed Fannar
 13221 | Lair:2   | Noticed Harold
 13242 | Lair:2   | Killed Harold
 13242 | Lair:2   | Reached XP level 13. HP: 79/79 MP: 27/27
 13296 | Lair:2   | Noticed Erica
 13349 | Lair:2   | Killed Erica
 14138 | Lair:3   | Reached skill level 15 in Maces & Flails
 14930 | Lair:4   | Found a staircase to the Swamp.
 15134 | Lair:4   | Reached skill level 16 in Maces & Flails
 15207 | Lair:4   | Found a hole to the Spider Nest.
 16263 | Lair:6   | Reached skill level 5 in Shields
 16432 | Lair:6   | Gained mutation: Your wings are large and strong. [gargoyle growth]
 16432 | Lair:6   | Reached XP level 14. HP: 84/84 MP: 28/28
 17694 | Lair:8   | Entered Level 8 of the Lair of Beasts
 17998 | Lair:8   | Reached skill level 10 in Shields
 18075 | Lair:8   | Mangled by a dire elephant

Action                   |  1- 3 |  4- 6 |  7- 9 | 10-12 | 13-15 || total
-------------------------+-------+-------+-------+-------+-------++-------
Melee: Mace              |    75 |   145 |       |       |       ||   220
       Flail             |       |    49 |   172 |   800 |   812 ||  1833
       Great mace        |       |       |   112 |       |       ||   112
Throw: Throwing net      |     1 |     1 |       |       |       ||     2
       Tomahawk          |       |     5 |       |    11 |       ||    16
Invok: Greater Servant o |       |       |       |     2 |     2 ||     4
       Major Destruction |       |       |       |       |     1 ||     1
 Abil: Spit Poison       |       |       |       |     4 |       ||     4
       Fly               |       |       |       |       |     1 ||     1
Evoke: Wand              |       |       |       |     8 |     3 ||    11
  Use: Scroll            |     1 |     2 |    15 |    13 |     5 ||    36
       Potion            |       |     4 |     2 |    16 |     1 ||    23
 Stab: Fleeing           |       |       |       |     1 |       ||     1
       Invisible         |       |       |       |     4 |       ||     4
       Distracted        |       |       |       |     1 |       ||     1
